 Dungeon Crawl Stone Soup version 0.17.1-3-g152610e (webtiles) character file.

57789 Charly the Severer (level 14, -8/135 HPs)
             Began as a Hill Orc Gladiator on Apr 27, 2016.
             Was the Champion of Makhleb.
             Killed from afar by an ogre mage (21 damage)
             ... with a bolt of lightning
             ... while paralysed by an ogre mage
             ... on level 1 of the Depths.
             The game lasted 01:47:57 (5302 turns).

Charly the Severer (Hill Orc Gladiator)             Turns: 5302, Time: 01:47:57

Health: -8/135     AC: 23    Str: 19    XL:     14   Next: 87%
Magic:  17/17      EV:  2    Int:  8    God:    Makhleb [******]
Gold:   174        SH:  0    Dex: 15    Spells: 1 memorised, 15 levels left

rFire  + . .     SeeInvis .     a - +8 broad axe "Ceajapu" {speed, +Rage rPois}
rCold  . . .     Clarity  .     K - +3 scale mail {rF+}
rNeg   + + .     SustAt   .     k - +0 large shield
rPois  +         Gourm    .     g - +2 helmet
rElec  .         Spirit   .     M - +1 cloak {rPois}
rCorr  .         Warding  +     T - +2 pair of gloves
rMut   .         Stasis   .     R - +1 pair of boots {Fly}
MR     +....                    W - amulet of warding
Stlth  ..........               w - ring of wizardry
                                n - ring of positive energy

@: paralysed, flying, somewhat resistant to hostile enchantments, extremely
unstealthy
A: no striking features
a: Minor Destruction, Lesser Servant of Makhleb, Major Destruction, Greater
Servant of Makhleb, Renounce Religion, Evoke Berserk Rage, Stop Flying


You were on level 1 of the Depths.
You worshipped Makhleb.
Makhleb was exalted by your worship.
You were very hungry.

You visited 6 branches of the dungeon, and saw 31 of its levels.
You also visited: Ice Cave and Volcano.

You collected 1510 gold pieces.
You spent 1336 gold pieces at shops.

Inventory:

Hand Weapons
 a - the +8 broad axe "Ceajapu" (weapon) {speed, +Rage rPois}
   (You found it on level 8 of the Dungeon)

   Attacks with this weapon are significantly faster.
   It protects you from poison.
   It lets you go berserk.
 b - a +8 blowgun
Missiles
 p - a throwing net (quivered)
 O - 8 curare-tipped needles
Armour
 d - the +1 scale mail of Zemnunoh {rF- rN+ Dex+4}
   (You bought it in a shop on level 4 of the Orcish Mines)

   It affects your dexterity (+4).
   It makes you vulnerable to fire.
   It protects you from negative energy.
 g - a +2 helmet (worn)
 k - a +0 large shield (worn)
 x - a +0 troll leather armour
 C - a +0 pair of gloves
 D - a +0 pair of boots
 J - a +1 chain mail of fire resistance
 K - a +3 scale mail of fire resistance (worn)
 M - a +1 cloak of poison resistance (worn)
 P - a +0 cloak
 R - a +1 pair of boots of flying (worn)
 T - a +2 pair of gloves (worn)
Jewellery
 c - an uncursed ring of ice
 n - a ring of positive energy (left hand)
 w - a ring of wizardry (right hand)
 W - an amulet of warding (around neck)
 Z - an uncursed ring of ice
Wands
 j - a wand of enslavement (4)
 l - a wand of lightning (3)
 u - a wand of slowing (22)
 A - a wand of teleportation (2)
 F - a wand of polymorph (13)
 S - a wand of digging (8)
Scrolls
 h - 3 scrolls of teleportation
 y - 2 scrolls of enchant armour
 z - a scroll of fog
 B - 2 scrolls of magic mapping
 V - a scroll of recharging
 Y - a scroll of remove curse
Potions
 f - 2 potions of cancellation
 i - 2 potions of brilliance {unknown}
 m - a potion of mutation {unknown}
 o - 3 potions of invisibility
 q - 3 potions of curing
 t - 2 potions of heal wounds
 v - a potion of degeneration {unknown}
 E - 3 potions of berserk rage
 H - 2 potions of haste {unknown}
 I - a potion of flight {unknown}
 L - a potion of ambrosia {unknown}
 N - a potion of might {unknown}
 Q - a potion of cure mutation {unknown}
 U - a potion of poison {unknown}
Books
 s - a book of Minor Magic

   Spells                             Type                      Level
   a - Magic Dart                     Conjuration                  1
   b - Blink                          Translocation                2
   c - Call Imp                       Summoning                    2
   d - Repel Missiles                 Charms/Air                   2
   e - Slow                           Hexes                        2
   f - Conjure Flame                  Conjuration/Fire             3
   g - Mephitic Cloud                 Conjuration/Poison/Air       3
 G - a book of the Warp

   Spells                             Type                      Level
   a - Recall                         Summoning/Translocation      3
   b - Gell's Gravitas                Hexes/Translocation          3
   c - Force Lance                    Conjuration/Translocation    4
   d - Phase Shift                    Translocation                5
   e - Warp Weapon                    Charms/Translocation         5
   f - Summon Forest                  Summoning/Translocation      5
Miscellaneous
 X - a lamp of fire
Comestibles
 e - 3 bread rations
 r - 2 meat rations


   Skills:
 - Level 15.1 Fighting
 - Level 16.0 Axes
 - Level 1.7 Throwing
 - Level 9.8 Armour
 - Level 6.4 Dodging
 - Level 12.3 Shields
 + Level 2.4 Spellcasting
 * Level 4.3 Charms
 + Level 2.6 Air Magic
 - Level 3.1 Invocations
 - Level 5.0 Evocations


You had 15 spell levels left.
You knew the following spells:

 Your Spells              Type           Power        Failure   Level  Hunger
R - Repel Missiles        Chrm/Air       #.....       78%         2    ###....


Dungeon Overview and Level Annotations

Branches:
Dungeon (15/15)            Temple (1/1) D:4            Lair (8/8) D:9
  Snake (2/4) Lair:4        Slime (0/6) Lair:8          Orc (4/4) D:10
 Depths (1/5) D:15
  Swamp: Lair:3-6    Shoals: Lair:3-6       Elf: Orc:3-4     Vaults: D:13-14

Altars:
Ashenzari
Cheibriados
Dithmenos
Elyvilon
Fedhas
Gozag
Makhleb
Nemelex Xobeh
Qazlal
Ru
Trog
Xom
Yredelemnul
The Shining One
Beogh
Jiyva

Shops:
D:8 [   Orc:4 [[:?   Snake:1 :

Portals:
Hell: Lair:8

Annotations:
D:15 exclusion: oklob plant
Lair:5 exclusions: downstairs and 3 more exclusions, Snorg
Snake:1 Aizul
Depths:1 Norris


Message History

The ogre mage casts a spell at you.
You suddenly lose the ability to move!
A guardian serpent comes into view.
The guardian serpent shouts!
The ogre hits you with a giant club!
Norris mumbles some strange prayers to his god.
Norris flickers and vanishes!
The ogre mage gestures at the ogre while chanting.
The ogre seems to speed up.
The ogre mage gestures at the ogre while chanting.
The ogre seems to speed up.
Something hits you!!! The ogre hits you with a giant club.
The ogre hits you with a giant spiked club!
* * * LOW HITPOINT WARNING * * *
The ogre mage gestures at you while chanting.
The bolt of lightning hits the ogre.
Helpless, you fail to dodge the bolt of lightning.
* * * LOW HITPOINT WARNING * * *
The bolt of lightning hits you!
You die...

## .# ##.
.###...
##.......
###........
###.........#
#..[..O....#
#@OO....##
#{OO......
#.....OO.S.....
...@#+##.O..>..
... ......# .
....#.# ###..##
..# ..


You could see an ogre mage, a guardian serpent and 7 ogres.

Vanquished Creatures
  A dire elephant (Lair:8)
  Harold (Orc:2)
  A hell beast (Lair:8)
  The ghost of kaze the Nimble, a novice TrBe of Trog (D:9)
  2 hydras (Lair:5)
  2 naga warriors
  An anaconda (Snake:1)
  A centaur warrior (D:14)
  2 death yaks (Lair:5)
  2 naga sharpshooters (Snake:1)
  3 orc high priests (Orc:4)
  2 shock serpents (Snake:1)
  Sonja (D:11)
  A wizard (Lair:8)
  2 hill giants
  6 orc knights
  A naga ritualist (Snake:1)
  A flayed ghost (D:15)
  2 mana vipers (Snake:1)
  A necromancer (D:15)
  2 griffons
  4 orc sorcerers (Orc:4)
  2 fire giant zombies (D:15)
  An ugly thing (D:11)
  A stone giant zombie (D:15)
  2 naga magi (Snake:1)
  A guardian serpent (Snake:2)
  2 cyclopes
  11 elephants
  Maurice (Orc:4)
  9 black mambas
  3 orange demons (Lair:8)
  7 spiny frogs
  3 centaur skeletons
  A komodo dragon (Lair:3)
  A guardian mummy (D:15)
  4 red devils (Lair:8)
  3 blue devils (Lair:8)
  4 trolls
  A hellwing (Lair:8)
  A two-headed ogre (D:9)
  A fire drake (Lair:8)
  14 blink frogs
  A spriggan skeleton (D:15)
  4 hippogriffs
  3 basilisks
  A wraith (D:10)
  32 yaks
  A wyvern (D:11)
  4 fire elementals (Volcano)
  10 nagas
  A hungry ghost (D:10)
  A soldier ant (D:11)
  5 porcupines
  4 wargs
  11 orc warriors
  12 water moccasins
  8 ice beasts (Lair:3)
  5 ogres
  A black bear (D:11)
  A necrophage (D:10)
  4 centaurs
  6 crocodiles
  A big kobold (D:11)
  A brain worm (D:11)
  9 giant frogs
  2 scorpions (D:9)
  3 wights (D:11)
  A crimson imp (D:9)
  20 orc priests
  2 quasits
  2 hounds
  3 giant frog skeletons
  23 orc wizards
  A centaur zombie (D:9)
  3 worker ants
  2 iguanas
  8 sheep (Lair:4)
  2 hound skeletons
  An adder (D:13)
  26 river rats
  A shadow imp (D:15)
  An adder zombie (D:7)
  2 giant geckos
  74 orcs
  A goblin (D:3)
  2 hobgoblins
  A kobold (D:2)
  2 quokkas
  3 jackals (D:10)
  A rat (D:3)
  2 fire vortices (Volcano)
428 creatures vanquished.

Vanquished Creatures (collateral kills)
  A death yak (Lair:5)
  An orc warrior (Orc:4)
  An orc priest (Orc:4)
  3 orcs (Orc:4)
6 creatures vanquished.

Vanquished Creatures (others)
  An orc (Orc:4)
  2 fire vortices (Volcano)
  4 fungi (Lair:5)
7 creatures vanquished.

Grand Total: 441 creatures vanquished

Notes
Turn   | Place    | Note
--------------------------------------------------------------
     0 | D:1      | Charly the Hill Orc Gladiator began the quest for the Orb.
     0 | D:1      | Reached XP level 1. HP: 18/18 MP: 1/1
   253 | D:4      | Found a blossoming altar of Fedhas.
   267 | D:4      | Found a staircase to the Ecumenical Temple.
   274 | Temple   | Entered the Ecumenical Temple
   298 | Temple   | Became a worshipper of Makhleb the Destroyer
   311 | D:4      | Noticed a giant frog skeleton
   316 | D:4      | Reached XP level 2. HP: 23/25 MP: 2/2
   318 | D:4      | Killed a giant frog skeleton
   318 | D:4      | Reached skill level 5 in Axes
   318 | D:4      | Reached XP level 3. HP: 27/30 MP: 3/3
   352 | D:5      | Entered Level 5 of the Dungeon
   558 | D:8      | Noticed a giant frog
   566 | D:8      | Killed a giant frog
   566 | D:8      | Reached skill level 7 in Axes
   566 | D:8      | Reached XP level 4. HP: 14/37 MP: 4/4
   629 | D:8      | Noticed a hippogriff
   629 | D:8      | Noticed a big kobold
   721 | D:7      | Noticed a giant frog
   721 | D:7      | Noticed an orc warrior
   778 | D:8      | Got a crystal broad axe
   779 | D:8      | Identified the +8 broad axe "Ceajapu" {speed, +Rage rPois} (You found it on level 8 of the Dungeon)
   780 | D:8      | Charly: haha
   780 | D:8      | Charly: that couldnt possibly be any better
   802 | D:8      | Noticed a giant frog
   803 | D:8      | Noticed a water moccasin
   804 | D:8      | Reached XP level 5. HP: 38/44 MP: 5/5
   809 | D:8      | Killed a giant frog
   809 | D:8      | Reached skill level 1 in Evocations
   813 | D:8      | Killed a water moccasin
   813 | D:8      | Reached skill level 8 in Axes
   813 | D:8      | Reached XP level 6. HP: 22/51 MP: 5/7
   845 | D:8      | Found Namalopp's Armour Boutique.
   845 | D:8      | Noticed a water moccasin
   852 | D:8      | Killed a water moccasin
   866 | D:8      | Bought a troll hide for 64 gold pieces
   895 | D:9      | Noticed a two-headed ogre
   897 | D:9      | Noticed a yak
   915 | D:9      | Killed a two-headed ogre
   915 | D:9      | Reached * piety under Makhleb
   915 | D:9      | Reached skill level 9 in Axes
   915 | D:9      | Reached skill level 1 in Shields
   915 | D:9      | Reached XP level 7. HP: 58/60 MP: 7/9
   928 | D:9      | Noticed a yak
   962 | D:9      | 5/7/12
  1044 | D:9      | Reached XP level 8. HP: 39/67 MP: 10/10
  1065 | D:9      | Noticed a yak
  1066 | D:9      | Noticed a yak
  1066 | D:9      | Noticed a yak
  1068 | D:9      | Noticed a yak
  1070 | D:9      | Killed a yak
  1070 | D:9      | Reached skill level 5 in Fighting
  1075 | D:9      | Killed a yak
  1075 | D:9      | Reached skill level 10 in Axes
  1077 | D:9      | Killed a yak
  1080 | D:9      | Killed a yak
  1132 | D:9      | Noticed a yak
  1132 | D:9      | Noticed a yak
  1133 | D:9      | Found a staircase to the Lair.
  1139 | D:9      | Killed a yak
  1139 | D:9      | Reached skill level 11 in Axes
  1140 | D:9      | Killed a yak
  1140 | D:9      | Reached XP level 9. HP: 75/75 MP: 12/12
  1142 | D:9      | Killed a yak
  1142 | D:9      | Killed a yak
  1184 | Lair:1   | Entered Level 1 of the Lair of Beasts
  1193 | Lair:1   | Noticed a black mamba
  1199 | Lair:1   | Killed a black mamba
  1199 | Lair:1   | Reached skill level 5 in Evocations
  1246 | Lair:1   | Reached skill level 12 in Axes
  1246 | Lair:1   | Reached skill level 5 in Shields
  1321 | Lair:1   | Reached ** piety under Makhleb
  1392 | Lair:1   | Reached XP level 10. HP: 86/86 MP: 13/13
  1411 | Lair:2   | 7/8/15
  1422 | Lair:2   | Reached skill level 13 in Axes
  1518 | Lair:2   | Reached skill level 14 in Axes
  1597 | Lair:3   | Found a frozen archway.
  1609 | Lair:3   | Reached *** piety under Makhleb
  1609 | Lair:3   | Reached XP level 11. HP: 97/97 MP: 14/14
  1618 | Lair:3   | Reached skill level 1 in Invocations
  1660 | Lair:3   | Reached skill level 15 in Axes
  1683 | IceCv    | Entered an ice cave
  1709 | Lair:5   | Noticed a death yak
  1742 | Lair:5   | Noticed Snorg
  1746 | Lair:5   | Noticed a death yak
  1747 | Lair:5   | Noticed a death yak
  1761 | Lair:4   | 7/9/16
  1786 | Lair:4   | Found a staircase to the Snake Pit.
  1838 | Lair:5   | Noticed a six-headed hydra
  1845 | Lair:5   | Killed an 11-headed hydra
  1845 | Lair:5   | Reached skill level 10 in Fighting
  1860 | Lair:5   | Reached **** piety under Makhleb
  1956 | Lair:5   | Noticed a seven-headed hydra
  1961 | Lair:5   | Killed a seven-headed hydra
  1987 | Lair:5   | Reached skill level 16 in Axes
  2011 | Lair:6   | Reached XP level 12. HP: 69/108 MP: 15/15
  2111 | Lair:5   | Killed a death yak
  2117 | Lair:5   | Killed a death yak
  2117 | Lair:5   | Reached skill level 5 in Dodging
  2123 | Lair:5   | Killed a death yak
  2132 | Lair:5   | Found a dark tunnel.
  2141 | Volcano  | Entered a volcano
  2150 | Volcano  | Reached skill level 10 in Shields
  2272 | Volcano  | 7/11/17
  2282 | Volcano  | 12/6/17
  2292 | Volcano  | 12/9/17
  2363 | Lair:8   | Entered Level 8 of the Lair of Beasts
  2394 | Lair:8   | Reached skill level 1 in Armour
  2408 | Lair:8   | Noticed a dire elephant
  2431 | Lair:8   | Killed a dire elephant
  2542 | Lair:8   | Found a burning altar of Makhleb.
  2577 | Lair:8   | Reached ***** piety under Makhleb
  2577 | Lair:8   | Reached skill level 5 in Armour
  2583 | Lair:8   | Charly: ??unsubscribe beem
  2583 | Lair:8   | Charly: !fuck off beem
  2583 | Lair:8   | Charly: !unsubscribe beem
  2583 | Lair:8   | Charly: ...
  2633 | Lair:8   | Reached XP level 13. HP: 96/119 MP: 16/16
  2645 | Lair:8   | Noticed a hell beast
  2650 | Lair:8   | Killed a hell beast
  2660 | Lair:8   | Found a gateway to Hell.
  2730 | Lair:8   | Found a staircase to the Slime Pits.
  2730 | Lair:8   | Found a viscous altar of Jiyva.
  2758 | Lair:7   | 14/10/18
  2761 | Lair:8   | Noticed an eight-headed hydra
  2886 | Snake:1  | Entered Level 1 of the Snake Pit
  2934 | Lair:3   | Noticed an elephant
  2934 | Lair:3   | Noticed an elephant
  2934 | Lair:3   | Noticed an elephant
  2934 | Lair:3   | Noticed an elephant
  2934 | Lair:3   | Noticed an elephant
  2934 | Lair:3   | Noticed a black mamba
  2941 | Lair:3   | Killed an elephant
  2943 | Lair:3   | Killed a black mamba
  2946 | Lair:3   | Killed an elephant
  2947 | Lair:3   | Killed an elephant
  2950 | Lair:3   | Killed an elephant
  2952 | Lair:3   | Killed an elephant
  3002 | Lair:4   | pedritolo: hi, may I see a char dump, please?
  3137 | Snake:1  | Noticed Aizul
  3272 | Snake:1  | Found Gawedd's Book Boutique.
  3281 | Snake:1  | Charly: this is hardcore snake 1
  3288 | Snake:1  | pedritolo: ultimately it's all about the shock serpents :)
  3289 | Snake:1  | Charly: Aizul and SS dangerous too
  3289 | Snake:1  | pedritolo: but you have a nice axe there
  3293 | Snake:1  | pedritolo: ok, everything's dangerous here after all
  3299 | Snake:1  | HP: 6/122 [anaconda (3)]
  3305 | Snake:1  | pedritolo: jesus
  3653 | D:9      | Noticed kaze's ghost (novice TrBe)
  3675 | D:9      | Killed kaze's ghost
  3690 | D:9      | Found a glowing golden altar of the Shining One.
  3706 | D:10     | Entered Level 10 of the Dungeon
  3755 | D:10     | Reached XP level 14. HP: 124/132 MP: 17/17
  3769 | D:10     | Reached ****** piety under Makhleb
  3929 | D:11     | Noticed Sonja
  3949 | D:11     | Killed Sonja
  4117 | D:10     | Found a staircase to the Orcish Mines.
  4129 | Orc:1    | Entered Level 1 of the Orcish Mines
  4175 | Orc:2    | Found a roughly hewn altar of Beogh.
  4257 | Orc:4    | Entered Level 4 of the Orcish Mines
  4414 | Orc:4    | Noticed Maurice
  4447 | Orc:4    | Killed Maurice
  4577 | Orc:4    | Reached skill level 15 in Fighting
  4582 | Orc:4    | Found Ytucicirch's Magic Scroll Boutique.
  4602 | Orc:4    | Found Sateeq's Antique Armour Emporium.
  4615 | Orc:4    | Found Owenoeri's Armour Emporium.
  4623 | Orc:4    | Found Feogohim's Book Boutique.
  4634 | Orc:4    | Bought a transparent scale mail for 198 gold pieces
  4644 | Orc:4    | Identified the cursed +1 scale mail of Zemnunoh {rF- rN+ Dex+4} (You bought it in a shop on level 4 of the Orcish Mines)
  4646 | Orc:4    | Charly: coplete waste of time
  4646 | Orc:4    | Charly: as usual ...
  4646 | Orc:4    | Charly: should ve risked snakes
  4646 | Orc:4    | pedritolo: well minor magic has apport?
  4646 | Orc:4    | Charly: no
  4646 | Orc:4    | pedritolo: yeah
  4646 | Orc:4    | Bought a book of Minor Magic for 280 gold pieces
  4656 | Orc:4    | Bought a +1 cloak of poison resistance for 162 gold pieces
  4656 | Orc:4    | Bought a +1 pair of boots of flying for 198 gold pieces
  4656 | Orc:4    | Bought a +2 pair of gloves for 198 gold pieces
  4658 | Orc:4    | Bought a scroll of identify for 22 gold pieces
  4658 | Orc:4    | Bought a scroll of identify for 22 gold pieces
  4658 | Orc:4    | Bought a scroll of recharging for 104 gold pieces
  4658 | Orc:4    | Bought a scroll of teleportation for 33 gold pieces
  4658 | Orc:4    | Bought a scroll of identify for 22 gold pieces
  4658 | Orc:4    | Bought a scroll of teleportation for 33 gold pieces
  4707 | Orc:4    | Learned a level 2 spell: Repel Missiles
  4814 | Orc:2    | Noticed Harold
  4834 | Orc:2    | Killed Harold
  4834 | Orc:2    | Reached skill level 1 in Charms
  4834 | Orc:2    | Reached skill level 1 in Air Magic
  4872 | D:10     | You are sucked into a shaft!
  4929 | D:11     | Reached skill level 1 in Spellcasting
  5163 | D:15     | Entered Level 15 of the Dungeon
  5204 | D:15     | Found a stormy altar of Qazlal.
  5245 | D:15     | Found a staircase to the Depths.
  5295 | Depths:1 | Entered Level 1 of the Depths
  5296 | Depths:1 | Noticed Norris
  5297 | Depths:1 | Paralysed by an ogre mage for 7 turns
  5302 | Depths:1 | Killed from afar by an ogre mage

Action                   |  1- 3 |  4- 6 |  7- 9 | 10-12 | 13-15 || total
-------------------------+-------+-------+-------+-------+-------++-------
Melee: War axe           |    31 |    11 |       |       |       ||    42
       Broad axe         |       |    26 |    81 |   337 |   610 ||  1054
Throw: Throwing net      |     3 |     1 |       |     1 |     1 ||     6
Invok: Lesser Servant of |       |       |       |     2 |     5 ||     7
 Abil: Evoke Berserk Rag |       |     1 |     2 |     6 |     9 ||    18
Evoke: Wand              |       |       |       |    10 |    18 ||    28
  Use: Scroll            |     1 |     3 |       |     4 |    13 ||    21
 Stab: Held in net/web   |     1 |       |       |     3 |       ||     4
       Paralysed         |       |       |       |       |     3 ||     3
       Distracted        |       |       |       |       |     1 ||     1
  Eat: Pizza             |     1 |       |       |       |       ||     1
       Beef jerky        |       |     1 |       |       |     1 ||     2
       Chunk             |       |       |     1 |     7 |    12 ||    20
       Fruit             |       |       |       |     4 |       ||     4
       Royal jelly       |       |       |       |       |     1 ||     1
